[Event "Late-Titled-Tuesday-Blitz-October-03-2023"]
[Site "Chess.com"]
[Date "2023.10.03"]
[Round "3"]
[White "cukus"]
[Black "MikeSailer"]
[Result "0-1"]
[WhiteElo "2356"]
[BlackElo "2148"]
[TimeControl "180+1"]
[EndTime "14:28:08 PDT"]
[Termination "MikeSailer won by resignation"]

1. e4 d5 2. exd5 Qxd5 3. Nc3 Qd6 4. Nf3 c6 5. d4 Bg4 6. h3 Bh5 7. g4 Bg6 8. Ne5 Nf6 9. Bg2 e6 10. Bf4 Qb4 11. Qd2 Nbd7 12. O-O-O Nxe5 13. Bxe5 O-O-O 14. Kb1 Bd6 15. f4 Kb8 16. Qe3 Bxe5 17. fxe5 Nd5 18. Bxd5 cxd5 19. h4 h5 20. gxh5 Rxh5 21. Ne2 Rdh8 22. Nf4 Rxh4 23. Rxh4 Rxh4 24. Nxg6 fxg6 25. Qg5 Rh8 26. Qxg6 Qd2 27. Qg1 Qh6 28. a3 g5 29.
Qg4 Rg8 30. Rg1 Qg6 31. b3 a6 32. Kb2 Qf5 33. Qg2 g4 34. Rf1 Qg6 35. Qg3 Qe4 36. Qc3 g3 37. Rf7 Rc8 38. Qd2 g2 39. Rg7 Rxc2+ 40.
Qxc2 Qxd4+ 41. Qc3 g1=Q 42. Rxg1 Qxg1 43. a4 Qf2+ 44. Ka3 Qb6 45. Qg3 Ka7 46. Qg7 Qc5+ 47. Kb2 d4 48. Qf6 Qc3+ 49. Ka2 Qc2+ 50. Ka3 Qc5+ 51.
Ka2 Qd5 52. Kb2 d3 53. Kc1 Qxb3 54. Kd2 Qc2+ 55. Ke3 Qe2+ 56. Kd4 d2 57. Kc5 d1=Q 58. Qxe6 Qdc2+ 59. Kd6 Qc6+ 60. Ke7 Qxe6+ 61. Kxe6 Qa2+ 0-1

[Event "Late-Titled-Tuesday-Blitz-October-03-2023"]
[Site "Chess.com"]
[Date "2023.10.03"]
[Round "3"]
[White "geordie_derraugh"]
[Black "Bauman_Guy"]
[Result "0-1"]
[WhiteElo "2505"]
[BlackElo "2864"]
[TimeControl "180+1"]
[EndTime "14:28:13 PDT"]
[Termination "Bauman_Guy won by resignation"]

1. e4 c6 2. c4 d5 3. exd5 cxd5 4.
cxd5 Nf6 5. Nc3 g6 6. Bc4 Bg7 7.
Nf3 O-O 8. h3 Nbd7 9. Qb3 Nc5 10. Qa3 b6 11. d4 Nce4 12. Nxe4 Nxe4 13. O-O Bb7 14. Re1 Bxd5 15. Bxd5 Qxd5 16. Qxe7 Rfe8 17. Qb4 Rac8 18. Be3 Rc4 19. Qb3 Nd6 20. Rad1 Qb5 21. Qd3 Rb4 22. b3 Qxd3 23. Rxd3 Nf5 24. Red1 Nxe3 25. fxe3 f5 26. Kf2 a5 27. Rc1 a4 28.
Rc7 axb3 29. axb3 Ra8 30. d5 Bf8 31. d6 Re4 32. Ng5 Re5 33. d7 Rd8 34. Rc8 Be7 35. Nf3 Re6 36. Nd4 Rd6 37. Nc6 Rxd3 38. Nxe7+ Kf7 39.
Nc6 R8xd7 40. Ne5+ Ke6 41. Nxd7 Kxd7 42. Rh8 Rxb3 43.
Rxh7+ Ke6 44. Rb7 g5 45. Kf3 f4 46. Kg4 fxe3 47. Rb8 Kd7 48. Rb7+ Kd6 49. Rb8 Kd7 50.
Rb7+ Kc6 51. Rb8 Rb2 52. Re8 Rxg2+ 53. Kf3 Rh2 54. Kg3 Re2 55. Kf3 Re1 56. Re5 Rh1 57.
Kxe3 Rxh3+ 58. Kd4 Rh4+ 59. Kc3 Rg4 60. Kb3 b5 61. Rf5 Kb6 62. Rf8 Rg3+ 63. Kb4 Rg4+ 64. Kb3 Rf4 65. Rb8+ Kc6 66. Rc8+ Kd6 67. Rg8 g4 68.
Rg5 b4 69. Rh5 Ke6 70. Ra5 Kf6 71. Rh5 g3 72. Rh8 Rg4 73. Re8 g2 74. Rf8+ Ke7 75. Rf5 g1=Q 76. Ka4 Qd4 77. Rf7+ Kxf7 0-1

[Event "Late-Titled-Tuesday-Blitz-October-03-2023"]
[Site "Chess.com"]
[Date "2023.10.03"]
[Round "3"]
[White "Ali_rastbod"]
[Black "Oleksandr_Bortnyk"]
[Result "1-0"]
[WhiteElo "2712"]
[BlackElo "3007"]
[TimeControl "180+1"]
[EndTime "14:28:19 PDT"]
[Termination "Ali_rastbod won by resignation"]

1. d4 Nf6 2. c4 g6 3. Nc3 Bg7 4.
e4 d6 5. Be2 O-O 6. Be3 Na6 7.
Nf3 e5 8. O-O Qe7 9. dxe5 dxe5 10. Nd5 Qe6 11. Qc2 c6 12. Nxf6+ Qxf6 13. h3 h6 14. c5 Nc7 15. Rad1 Ne6 16. Rd6 Re8 17. Rfd1 Bf8 18. R6d2 Nf4 19. Bxf4 exf4 20. b4 Be6 21.
Bc4 a5 22. b5 cxb5 23. Bxb5 Rec8 24. c6 bxc6 25. Bc4 Bb4 26. Bxe6 Qxe6 27. Rd7 Rab8 28.
e5 Rb5 29. h4 Rc5 30. Qe4 Rc4 31. Qe2 Bc5 32. Kh2 Ra4 33. R7d2 Kg7 34. Qa6 Re8 35. Qe2 Re7 36. Rc2 Bb6 37. Rb1 Rb4 38. Re1 a4 39. Rec1 c5 40. Re1 a3 41. Qa6 Rb2 42. Rce2 Qxa2 43.
Qxb6 Re6 44. Qb5 c4 45. Nd4 Re7 46. e6 f6 47. Qc5 Re8 48. e7 Rxe2 49. Rxe2 Qb1 50.
Qxc4 Qb8 51. Ne6+ Kh7 52. Nf8+ Kg7 53. Ne6+ Kh7 54. Nc7 f3 55. Qf7+ Kh8 56. gxf3 Qxc7+ 57. Kg2 Qc6 58. Qxg6 a2 59. Qxh6+ Kg8 60. Qg6+ Kh8 61. Qh6+ Kg8 62. Rxa2 Kf7 63. Qh5+ Kg7 64. Re2 Qa4 65. Qg4+ Qxg4+ 66. fxg4 Kf7 67. f4 f5 68. g5 Kg6 69.
Kg3 Kh5 70. Re3 Kg6 71. Re6+ Kf7 72. Rf6+ Kg7 73. Rxf5 Rxe7 74. Re5 Kg6 75. Rxe7 Kh5 76. Rh7+ 1-0

[Event "Late-Titled-Tuesday-Blitz-October-03-2023"]
[Site "Chess.com"]
[Date "2023.10.03"]
[Round "3"]
[White "Deeper44"]
[Black "Gogolev_Artemy"]
[Result "0-1"]
[WhiteElo "2575"]
[BlackElo "2408"]
[TimeControl "180+1"]
[EndTime "14:28:22 PDT"]
[Termination "Gogolev_Artemy won by checkmate"]

1. d4 d5 2. c4 c6 3. Nf3 Nf6 4.
e3 Bf5 5. Bd3 Bxd3 6. Qxd3 e6 7.
O-O Nbd7 8. Nbd2 Be7 9. e4 dxe4 10.
Nxe4 Nxe4 11. Qxe4 Nf6 12. Qe2 O-O 13. Bf4 Qa5 14.
h3 Rfd8 15. Rfd1 h6 16. a3 Qf5 17. Qe5 Qxe5 18. dxe5 Ne4 19. Be3 Bc5 20. Bxc5 Nxc5 21.
b4 Na4 22. Rac1 Kf8 23. Kf1 Ke7 24. Rxd8 Rxd8 25. Ke2 a5 26. Rc2 Ra8 27. Ke3 axb4 28. axb4 Nb6 29. Kd4 Rd8+ 30. Ke3 Ra8 31. Kd4 Ra4 32.
Rb2 Ra8 33. Nd2 Rd8+ 34. Kc3 Na4+ 35. Kb3 Nxb2 36. Ne4 Nd3 37. f4 b6 38. g3 Rd4 39.
Nd2 Nxf4 40. Kc3 Rd3+ 41. Kc2 Rxg3 42. Ne4 Rxh3 43. Nd6 Rh2+ 44. Kc3 Ne2+ 45. Kd3 Nf4+ 46. Ke4 Ng6 47. Nc8+ Kd7 48. Nxb6+ Kc7 49. c5 Rh4+ 50. Kd3 Rxb4 51. Nc4 Rxc4 52. Kxc4 Nxe5+ 53. Kd4 Nd7 54. Ke4 f6 55. Kd4 e5+ 56. Ke4 g6 57. Kd3 f5 58. Kc4 Nf6 59. Kd3 Nd5 60. Kc4 e4 61. Kd4 e3 62. Kd3 f4 63. Ke2 Nc3+ 64. Kf3 e2 65. Kf2 f3 66. Ke1 Kd7 67. Kf2 Nd1+ 68.
Ke1 Ke6 69. Kd2 Kd5 70. Ke1 Ne3 71. Kd2 Kxc5 72. Ke1 Kd4 73. Kf2 Ng4+ 74. Ke1 f2+ 75. Kxe2 Ke4 76. Kf1 Ke3 77. Kg2 Ne5 78. Kf1 Nd3 79.
Kg2 Ke2 80. Kg3 f1=Q 81. Kg4 Qf5+ 82. Kg3 Qf3+ 83. Kh4 g5# 0-1

[Event "Late-Titled-Tuesday-Blitz-October-03-2023"]
[Site "Chess.com"]
[Date "2023.10.03"]
[Round "3"]
[White "elcala"]
[Black "CraiggoryC"]
[Result "1/2-1/2"]
[WhiteElo "1729"]
[BlackElo "2292"]
[TimeControl "180+1"]
[EndTime "14:28:31 PDT"]
[Termination "Game drawn by repetition"]

1. d4 e6 2. c4 Nf6 3. Nc3 d5 4.
cxd5 exd5 5. Nf3 c6 6. g3 Bf5 7. Bg2 h6 8. Qb3 Qb6 9. Qxb6 axb6 10. Bf4 Nbd7 11. Ne5 b5 12. Nxd7 Nxd7 13. e4 dxe4 14. Bxe4 Bxe4 15. Nxe4 Bb4+ 16. Bd2 Be7 17. O-O O-O 18.
Rfe1 Rfe8 19. b4 Nb6 20. Nc5 Nc4 21. Bc3 b6 22. Nd3 Ra3 23. Rec1 Bf6 24. Ne5 Bxe5 25. dxe5 Nxe5 26. Bxe5 Rxe5 27. Rxc6 Re2 28. Rxb6 Raxa2 29. Rxa2 Rxa2 30. Rxb5 Rb2 31. Rb7 g6 32. b5 Kg7 33.
b6 h5 34. Rb8 h4 35. b7 hxg3 36. hxg3 Kh7 37. Kg2 Kg7 38. Kf3 Rb3+ 39. Ke4 Rb4+ 40. Kd5 Rb2 41. Kc6 Rc2+ 42. Kd7 Rd2+ 43. Kc6 Rc2+ 44. Kd5 Rd2+ 45. Kc4 Rb2 46. Kc3 Rb6 47. f4 Rb1 48. Kd3 Rb3+ 49. Ke4 Rb4+ 50. Kd5 Rb1 51.
g4 Rd1+ 52. Ke4 Re1+ 53. Kd3 Rb1 54. f5 gxf5 55. gxf5 Rb6 56. Ke4 Rb4+ 57. Ke5 Rb5+ 58. Kd6 Rb1 59. Ke5 Re1+ 60. Kd5 Rd1+ 61. Kc6 Rc1+ 62.
Kd7 Rd1+ 63. Ke8 Re1+ 64. Kd8 Rd1+ 65. Ke7 Re1+ 66. Kd6 Rd1+ 67. Ke5 Re1+ 68. Kd4 Rd1+ 69. Kc3 Rb1 70. Kc2 Rb6 71. Kd3 Kf6 72. Ke4 Rb4+ 73. Kd5 Rb1 74. Kc6 Rc1+ 75. Kd6 Rd1+ 76. Kc7 Rc1+ 77.
Kd8 Rd1+ 78. Ke8 Re1+ 79. Kf8 Rb1 80. Ke8 Re1+ 81. Kd7 Rd1+ 82. Kc6 Rc1+ 83. Kd5 Rd1+ 84. Kc6 Rc1+ 1/2-1/2

[Event "Late-Titled-Tuesday-Blitz-October-03-2023"]
[Site "Chess.com"]
[Date "2023.10.03"]
[Round "3"]
[White "szachuspl"]
[Black "Iball95"]
[Result "0-1"]
[WhiteElo "2537"]
[BlackElo "2772"]
[TimeControl "180+1"]
[EndTime "14:29:07 PDT"]
[Termination "Iball95 won on time"]

1. d4 d5 2. c4 e6 3. Nc3 c5 4. cxd5 cxd4 5. Qxd4 Nc6 6. Qd1 exd5 7.
e3 Nf6 8. Nf3 Bb4 9. Be2 O-O 10.
O-O a6 11. Bd2 Be6 12. a3 Bd6 13. Rc1 Rc8 14. Na4 Ne4 15. b4 Qe7 16. Nb6 Rc7 17. Bc3 Nxc3 18. Rxc3 Rd8 19. Qc1 Ne5 20. Rd1 Nxf3+ 21.
Bxf3 g6 22. g3 Rxc3 23. Qxc3 Qc7 24. Qxc7 Bxc7 25. Nxd5 Bxd5 26. Bxd5 a5 27. e4 axb4 28. axb4 b6 29. Rc1 Bd6 30. b5 Bc5 31. Ra1 Rd7 32.
Ra8+ Kg7 33. Kg2 f5 34. f3 Kf6 35. Re8 fxe4 36. fxe4 Re7 37. Rf8+ Ke5 38. Rh8 Kd4 39. h4 Ra7 40. Kh3 Bd6 41. Rd8 Kc5 42. Kg2 Ra3 43.
Rd7 Rxg3+ 44. Kf2 Rg4 45. Rxh7 Kd4 46. Rd7 Kc5 47. Rg7 Kxb5 48. Kf3 Rxh4 49. Rxg6 Kc5 50. Rg8 b5 51. Rc8+ Kd4 52. Rd8 Rf4+ 53. Ke2 Kc5 54.
Rc8+ Kd4 55. Rd8 Rf6 56. Rd7 b4 57. Rb7 Bc5 58. Rb5 Ra6 59. Rb7 Rh6 60. Kf3 Rf6+ 61. Kg4 Bd6 62. Kg5 Rf2 63. Kg6 Bc5 64. Rb5 Rc2 65.
Kf5 Rf2+ 66. Ke6 Rh2 67. Kd7 Rh7+ 68. Kc6 Rh6+ 69. Kd7 Ra6 70. Rb7 Rh6 71. Rb5 Rg6 72. Rb8 Bb6 73. Ke7 Kc3 74. Kf7 Rh6 75. e5 Kd4 76. e6 Kxd5 77. Rxb6 b3 78. e7 Rxb6 79. e8=Q b2 80. Qd7+ Kc5 81. Qf5+ Kc4 82. Qc2+ Kd5 83. Qd3+ Kc5 0-1

[Event "Late-Titled-Tuesday-Blitz-October-03-2023"]
[Site "Chess.com"]
[Date "2023.10.03"]
[Round "3"]
[White "DanielDardha2005"]
[Black "GoldenShare"]
[Result "1/2-1/2"]
[WhiteElo "2898"]
[BlackElo "2556"]
[TimeControl "180+1"]
[EndTime "14:29:29 PDT"]
[Termination "Game drawn - insufficient material"]

1. a3 g6 2. d4 d5 3. e3 Nf6 4. c4 dxc4 5. Bxc4 Bg7 6. Nf3 O-O 7.
O-O Ne8 8. b4 Nd6 9. Be2 b6 10.
Bb2 Bb7 11. Nc3 Nd7 12. b5 e5 13. a4 exd4 14. Nxd4 Ne5 15. Rc1 Qg5 16. Nf3 Nxf3+ 17.
Bxf3 Bxf3 18. Qxf3 Rfe8 19. Rfd1 a6 20. Qc6 axb5 21.
axb5 Nxb5 22. Nxb5 Bxb2 23. Nxc7 Rac8 24. Rc2 Re7 25. Rxb2 Rexc7 26. Qxb6 Rc1 27. Rb1 R1c2 28. Rf1 h5 29. Qd4 Qe7 30. h3 Qe6 31. Qf4 Qd5 32. Rb8 Kg7 33. Rxc8 Rxc8 34. Ra1 Rd8 35. Kh2 Qd6 36. Ra4 Qxf4+ 37. Rxf4 Rd2 38. Kg3 Ra2 39. Rd4 Rb2 40. Kf3 Ra2 41. Rd7 Rb2 42. Ra7 Rc2 43. Kg3 Kf6 44. e4 Re2 45. Kf3 Rb2 46. Rc7 Rb3+ 47.
Ke2 Ke6 48. Rc2 Ra3 49. f3 Ke5 50. Kf2 h4 51. Rc7 Kf6 52. Rc5 Ra2+ 53. Kg1 Ra1+ 54.
Kh2 g5 55. Rf5+ Kg6 56. f4 f6 57. fxg5 fxg5 58. Rc5 Re1 59. Rc6+ Kf7 60. Rc4 Ke6 61. Rd4 Kf6 62. Ra4 Ke6 63. Ra6+ Kf7 64. Ra4 Kf6 65.
Ra5 Rxe4 66. Ra2 Re1 67. Rf2+ Kg6 68. Rf8 Kg7 69. Ra8 Kg6 70. Ra2 Kg7 71. g3 hxg3+ 72.
Kxg3 Kg6 73. Ra8 Re6 74. Kg4 Re4+ 75. Kf3 Re6 76. Ra5 Rf6+ 77. Kg3 Kh5 78. h4 Rg6 79. Kh3 Kh6 80. h5 Kxh5 81. Ra8 g4+ 82. Kg3 Kg5 83. Rf8 Kh5 84. Rf5+ Rg5 85. Rf6 Rg6 86. Rxg6 Kxg6 87. Kxg4 1/2-1/2

[Event "Late-Titled-Tuesday-Blitz-October-03-2023"]
[Site "Chess.com"]
[Date "2023.10.03"]
[Round "3"]
[White "Abund"]
[Black "Firouzja2003"]
[Result "1-0"]
[WhiteElo "2785"]
[BlackElo "3116"]
[TimeControl "180+1"]
[EndTime "14:30:57 PDT"]
[Termination "Abund won on time"]

1. e4 c5 2. Nf3 d6 3. Bb5+ Nd7 4. c3 Nf6 5. Qe2 a6 6. Ba4 b5 7. Bc2 Bb7 8. d4 cxd4 9. cxd4 Rc8 10. O-O g6 11. a3 Bg7 12. Nc3 O-O 13. Rd1 Nb6 14. h3 e6 15. Bf4 Nc4 16. Bd3 d5 17. e5 Ne4 18. Rac1 Qa5 19. Nxe4 dxe4 20. Bxe4 Ba8 21. Bxa8 Rxa8 22. d5 exd5 23. Rxd5 Qb6 24. Rcd1 Rfe8 25. a4 Rab8 26. axb5 axb5 27. b3 Na5 28. Qd3 Nc6 29.
Rd6 Bf8 30. Rd7 Nb4 31. Qd2 Rbc8 32. Be3 Qe6 33. Bh6 Rc2 34. Qf4 Be7 35. Ng5 Bxg5 36.
Bxg5 Nc6 37. Bf6 Qf5 38. Qxf5 gxf5 39. R1d3 f4 40. R7d5 h6 41. Rxb5 Rc1+ 42. Kh2 Rc2 43. Rd6 Rc8 44. Rbd5 Kh7 45. Rd7 Kg6 46. Bh4 Nb4 47.
R5d6+ Kf5 48. Rf6+ Kxe5 49. Rdxf7 Nd5 50. Rf5+ Ke6 51. Rf8 Rxf8 52. Rxf8 Rb2 53. Re8+ Kf5 54. Rf8+ Ke5 55. Rb8 Kf5 56. Rd8 Ke5 57. Re8+ Kd4 58. Rb8 Kd3 59. g4 Nc3 60. Rd8+ Ke4 61. Kg2 f3+ 62. Kh2 Ne2 63. Re8+ Kd5 64. Re3 Nd4 65. Rd3 Re2 66. Re3 Rc2 67. Rd3 Ke4 68. Re3+ Kd5 69. Rd3 Ke4 70. Re3+ Kf4 71. Bg3+ Kg5 72. Re5+ Kg6 73.
Rd5 Nxb3 74. Rd3 Nd2 75. h4 h5 76. Kh3 hxg4+ 77. Kxg4 Rc4+ 78. Kh3 Rc2 79. Bf4 Ne4 80. Rxf3 Nxf2+ 81. Kg3 Ne4+ 82. Kh3 Kh5 83. Bg3 Rc5 84. Re3 Rc4 85. Rf3 Kg6 86. Re3 Nf6 87. Rf3 Re4 88.
Bh2 Nh5 89. Bg3 Ng7 90. Bh2 Nf5 91. Bg3 Rc4 92. Bf2 Nd6 93. Bg3 Ne4 94. Rf4 Ra4 95.
Kh2 Ra2+ 96. Kh3 Nf6 97. Rf3 Re2 98. Bf2 Nd7 99. Bg3 Ra2 100. Bh2 Nc5 101. Bg3 Ne6 102. Re3 Nd4 103. Rd3 Ne2 104. Re3 Kf5 105. Rf3+ Ke4 106. Rf2 Ke3 107. h5 Ra5 108. Kg4 Ra4+ 109. Kh3 Ra1 110. Kg4 Rg1 111. Rf3+ Ke4 112. Ra3 Rh1 113. Ra4+ Kd5 114. Ra5+ Ke6 115. Bh4 Rg1+ 116. Kf3 Nd4+ 117. Kf2 Rh1 118. Bg3 Nf5 119. Kg2 Rxh5 120. Ra6+ Kf7 121. Bf2 Ne7 122. Ra7 Ke8 123. Ra8+ Kd7 124. Ra7+ Ke6 125. Ra6+ 1-0

[Event "Late-Titled-Tuesday-Blitz-October-03-2023"]
[Site "Chess.com"]
[Date "2023.10.03"]
[Round "4"]
[White "Nick12772"]
[Black "Doudou2015"]
[Result "1-0"]
[WhiteElo "2363"]
[BlackElo "2152"]
[TimeControl "180+1"]
[EndTime "14:33:00 PDT"]
[Termination "Nick12772 won by resignation"]

1. Nf3 d5 2. g3 Bg4 3. Bg2 Qc8 4.
Ne5 Bh3 5. Bxd5 e6 6. Bf3 Nf6 7. d4 c6 8. c4 h5 9. Nc3 h4 10. Bf4 Nbd7 11. d5 cxd5 12. cxd5 Nxe5 13. Bxe5 Bb4 14.
Qa4+ 1-0

[Event "Late-Titled-Tuesday-Blitz-October-03-2023"]
[Site "Chess.com"]
[Date "2023.10.03"]
[Round "4"]
[White "Rodalquilar"]
[Black "MasterKroket"]
[Result "1-0"]
[WhiteElo "2725"]
[BlackElo "2386"]
[TimeControl "180+1"]
[EndTime "14:33:06 PDT"]
[Termination "Rodalquilar won by resignation"]

1. d4 Nf6 2. Nf3 g6 3. Bf4 Bg7 4. e3 O-O 5. Be2 c5 6. c3 cxd4 7. exd4 d5 8. O-O Nc6 9. Nbd2 Nh5 10. Be3 e5 11. Nxe5 Nxe5 12. dxe5 Bxe5 13. Bxh5 gxh5 14.
Qxh5 Re8 15. Nf3 Bg7 16. Ng5 Qf6 1-0

[Event "Late-Titled-Tuesday-Blitz-October-03-2023"]
[Site "Chess.com"]
[Date "2023.10.03"]
[Round "4"]
[White "DefiantChair"]
[Black "HElissalt"]
[Result "1-0"]
[WhiteElo "2571"]
[BlackElo "2365"]
[TimeControl "180+1"]
[EndTime "14:34:16 PDT"]
[Termination "DefiantChair won by resignation"]

1. e4 d6 2. d4 Nf6 3. Nc3 e5 4. Nf3 Nbd7 5. Bc4 Be7 6. O-O O-O 7. a4 c6 8. h3 a5 9. Be3 Nb6 10. Ba2 Nfd7 11. Re1 exd4 12. Nxd4 Nc5 13. Nf5 Bxf5 14. exf5 d5 15. Qg4 Ncd7 16. Rad1 Bf6 17. Ne2 Ne5 18. Qg3 Nec4 19. Bc5 Re8 20. b3 Ne5 21. c4 Ned7 22. Be3 Qc7 23. Qxc7 1-0

[Event "Late-Titled-Tuesday-Blitz-October-03-2023"]
[Site "Chess.com"]
[Date "2023.10.03"]
[Round "4"]
[White "BillieKimbah"]
[Black "jimis98"]
[Result "1-0"]
[WhiteElo "2967"]
[BlackElo "2701"]
[TimeControl "180+1"]
[EndTime "14:34:36 PDT"]
[Termination "BillieKimbah won by resignation"]

1. e4 e6 2. d3 d5 3. Nd2 c5 4.
Ngf3 Nc6 5. g3 Nf6 6. Bg2 g6 7. O-O Bg7 8. Re1 O-O 9. c3 e5 10. exd5 Nxd5 11. Nc4 Re8 12. Ng5 Nb6 13. Be3 Nxc4 14.
dxc4 Qe7 15. Bd5 Rf8 16. Ne4 1-0

[Event "Late-Titled-Tuesday-Blitz-October-03-2023"]
[Site "Chess.com"]
[Date "2023.10.03"]
[Round "4"]
[White "German_Bazeev"]
[Black "UK_23"]
[Result "1-0"]
[WhiteElo "2777"]
[BlackElo "2394"]
[TimeControl "180+1"]
[EndTime "14:34:36 PDT"]
[Termination "German_Bazeev won by resignation"]

1. d4 d5 2. Nf3 Nf6 3. c4 e6 4. g3 Be7 5. Bg2 O-O 6. O-O c6 7.
Qc2 b6 8. Bg5 Bb7 9. Nbd2 Nbd7 10. Rfd1 Rc8 11. Rac1 c5 12. cxd5 Nxd5 13. h4 cxd4 14.
Qb1 e5 15. Rxc8 Qxc8 16. Ne4 f6 17. Bd2 Qa8 18. Bh3 Nc5 19. Nxc5 Bxc5 20. Bf5 Ne7 21. Bxh7+ Kh8 22. Be1 e4 23. Nxd4 Kxh7 24. Ne6 Rd8 25. Rxd8 Qxd8 26. Nxd8 1-0

[Event "Late-Titled-Tuesday-Blitz-October-03-2023"]
[Site "Chess.com"]
[Date "2023.10.03"]
[Round "4"]
[White "Nf3c5"]
[Black "Road2GM3000"]
[Result "1-0"]
[WhiteElo "2600"]
[BlackElo "2369"]
[TimeControl "180+1"]
[EndTime "14:34:45 PDT"]
[Termination "Nf3c5 won by resignation"]

1. d4 d5 2. e3 Nf6 3. Nf3 c6 4. c4 a6 5. Nbd2 Bf5 6. Qb3 Ra7 7.
Nh4 Bg6 8. Nxg6 hxg6 9. g3 e6 10. Bg2 Nbd7 11. O-O Be7 12. Qc2 O-O 13. b3 Ra8 14.
Bb2 Rc8 15. Rad1 c5 16. dxc5 Bxc5 17. Qb1 dxc4 18. Nxc4 Qc7 19. Rc1 Qb8 20. Rfd1 Rfd8 21. a3 b5 22. Na5 Qb6 23. b4 Be7 24. Nc6 Re8 25. Nxe7+ 1-0

[Event "Late-Titled-Tuesday-Blitz-October-03-2023"]
[Site "Chess.com"]
[Date "2023.10.03"]
[Round "4"]
[White "Dacean99"]
[Black "ritanovikova"]
[Result "1-0"]
[WhiteElo "2537"]
[BlackElo "2179"]
[TimeControl "180+1"]
[EndTime "14:34:58 PDT"]
[Termination "Dacean99 won by resignation"]

1. d4 e5 2. dxe5 Nc6 3. Nf3 Qe7 4.
Nc3 Nxe5 5. e4 Nxf3+ 6. Qxf3 d6 7. Bc4 Nf6 8. O-O Be6 9. Bxe6 Qxe6 10. Bg5 Be7 11.
Rfe1 Nd7 12. Bxe7 Qxe7 13. Nd5 Qd8 14. Qc3 c6 15. Qxg7 Rf8 16. Ne3 Qc7 17. Qxh7 O-O-O 18. Qf5 Kb8 19. Rad1 Rh8 20. b4 d5 21. f4 Rh4 22. g3 Rh6 23. exd5 Rdh8 24. dxc6 Rxc6 25. Qxd7 Qb6 26. Qd4 Qc7 27. Qxh8+ 1-0

[Event "Late-Titled-Tuesday-Blitz-October-03-2023"]
[Site "Chess.com"]
[Date "2023.10.03"]
[Round "4"]
[White "TanitoluwaAps116"]
[Black "slorovel"]
[Result "1-0"]
[WhiteElo "2660"]
[BlackElo "2484"]
[TimeControl "180+1"]
[EndTime "14:35:00 PDT"]
[Termination "TanitoluwaAps116 won by resignation"]

1. e4 c5 2. Nf3 Nc6 3. Bb5 g6 4. Bxc6 dxc6 5. d3 Bg7 6. h3 e5 7. Be3 b6 8. Nbd2 Ne7 9. a3 O-O 10.
Nc4 Qc7 11. O-O Rd8 12. b4 cxb4 13. axb4 Be6 14. Ncd2 f5 15. exf5 gxf5 16. Ng5 Bd5 17. c4 Bf7 18. Nxf7 Kxf7 19. Nf3 h6 20. Qe2 e4 21. dxe4 Bxa1 22. Rxa1 fxe4 23. Nd2 Qe5 24. Re1 Rd6 25. c5 Rg6 26. Nc4 Rag8 27. Nxe5+ 1-0

[Event "Late-Titled-Tuesday-Blitz-October-03-2023"]
[Site "Chess.com"]
[Date "2023.10.03"]
[Round "4"]
[White "Arteler"]
[Black "Qvalda"]
[Result "0-1"]
[WhiteElo "2612"]
[BlackElo "2394"]
[TimeControl "180+1"]
[EndTime "14:35:13 PDT"]
[Termination "Qvalda won by checkmate"]

1. e4 e6 2. d4 d5 3. Nc3 Be7 4. Qg4 Nf6 5. Qxg7 Rg8 6. Qh6 dxe4 7. Be3 Rg6 8. Qh4 b6 9. Nxe4 Bb7 10. Nxf6+ Bxf6 11. Qxh7 Nc6 12. O-O-O Qd5 13. c4 Qa5 14. Kb1 Nb4 15.
a3 Be4+ 16. Kc1 Na2# 0-1

[Event "Late-Titled-Tuesday-Blitz-October-03-2023"]
[Site "Chess.com"]
[Date "2023.10.03"]
[Round "4"]
[White "TheoSlade"]
[Black "pirulillo"]
[Result "1-0"]
[WhiteElo "2512"]
[BlackElo "2352"]
[TimeControl "180+1"]
[EndTime "14:35:14 PDT"]
[Termination "TheoSlade won by resignation"]

1. d4 Nf6 2. c4 g6 3. Nc3 Bg7 4. e4 O-O 5. Nf3 d6 6. Be2 e5 7. Be3 Ng4 8. Bg5 f6 9. Bh4 g5 10. Bg3 Nc6 11. d5 Ne7 12. h3 Nh6 13. Bh2 Ng6 14.
g4 Nf7 15. Nd2 Nf4 16. Bg3 h5 17. gxh5 Nh6 18. Bg4 f5 19. exf5 Nxf5 20. Bxf4 exf4 21. O-O Nd4 22. Nf3 Nf5 23. Kh2 Nh6 24. Rg1 Bxc3 25. bxc3 Kh8 26. Bxc8 Qxc8 27. Qd4+ Kh7 28. Nxg5+ 1-0

[Event "Late-Titled-Tuesday-Blitz-October-03-2023"]
[Site "Chess.com"]
[Date "2023.10.03"]
[Round "4"]
[White "Oleksandr_Bortnyk"]
[Black "FrankDux44"]
[Result "1-0"]
[WhiteElo "3008"]
[BlackElo "2579"]
[TimeControl "180+1"]
[EndTime "14:35:18 PDT"]
[Termination "Oleksandr_Bortnyk won by resignation"]

1. e4 c5 2. c3 d6 3. d4 Nf6 4. Bd3 Nc6 5. Nf3 Bg4 6. d5 Bxf3 7. Qxf3 Ne5 8. Bb5+ Ned7 9. O-O a6 10. Ba4 b5 11.
Bc2 g6 12. Qh3 Bg7 13. f4 O-O 14. Nd2 c4 15. f5 Ne5 16. Nf3 Nxf3+ 17. Rxf3 b4 18.
Bh6 b3 19. axb3 cxb3 20. Bd3 Nd7 21. Qh4 e5 22. Bg5 f6 23. Rh3 h5 24. Be3 Qe8 25. fxg6 Qxg6 26. Rg3 Qh7 27. Rf1 Rf7 28. Rf5 1-0

[Event "Late-Titled-Tuesday-Blitz-October-03-2023"]
[Site "Chess.com"]
[Date "2023.10.03"]
[Round "4"]
[White "reevecanada"]
[Black "dretch"]
[Result "0-1"]
[WhiteElo "2558"]
[BlackElo "2840"]
[TimeControl "180+1"]
[EndTime "14:35:33 PDT"]
[Termination "dretch won by resignation"]

1. e4 e6 2. Nf3 d5 3. Nc3 Nf6 4. e5 Nfd7 5. d4 c5 6. Bg5 Qa5 7. dxc5 Nc6 8. Qe2 d4 9. Bd2 dxc3 10. Bxc3 Qxc5 11. O-O-O Be7 12. Qe4 Qxf2 13. Bd4 Nxd4 14. Rd2 Nc5 15. Qf4 Nxf3 16. Bb5+ Bd7 17. Bxd7+ Nxd7 18. Rxf2 Bg5 19. Rxf3 Bxf4+ 20. Rxf4 Nxe5 21. Re1 Nc6 22. Ref1 O-O 0-1

[Event "Late-Titled-Tuesday-Blitz-October-03-2023"]
[Site "Chess.com"]
[Date "2023.10.03"]
[Round "4"]
[White "Savagelittlemole"]
[Black "remi04"]
[Result "0-1"]
[WhiteElo "2563"]
[BlackElo "2852"]
[TimeControl "180+1"]
[EndTime "14:35:34 PDT"]
[Termination "remi04 won by resignation"]

1. e4 c5 2. Ne2 g6 3. g3 Bg7 4. Bg2 Nc6 5. O-O e6 6. c3 Nge7 7. d4 d5 8. exd5 exd5 9. dxc5 O-O 10. Nd2 Bf5 11. Nb3 a5 12. Nbd4 Bg4 13. Be3 Ne5 14. h3 Bd7 15. b3 Qc8 16. a4 Bxh3 17. Nf4 Bxg2 18. Kxg2 Rd8 19. Nb5 Nf5 20. Bd4 Nd7 21. Bxg7 Kxg7 22. Qxd5 Nf6 23. Qc4 Rd2 24. Rad1 Ne3+ 25.
Kg1 Nxc4 26. bxc4 Rxd1 27. Rxd1 Qxc5 0-1

[Event "Late-Titled-Tuesday-Blitz-October-03-2023"]
[Site "Chess.com"]
[Date "2023.10.03"]
[Round "4"]
[White "matagordo"]
[Black "szachmistrz2500"]
[Result "1-0"]
[WhiteElo "2236"]
[BlackElo "2416"]
[TimeControl "180+1"]
[EndTime "14:35:47 PDT"]
[Termination "matagordo won by resignation"]

1. d4 Nf6 2. Bf4 g6 3. Nc3 Bg7 4. e4 d6 5. Qd2 Nbd7 6. Nf3 O-O 7. O-O-O c5 8. d5 Ng4 9. h3 Nge5 10. Bh6 Nxf3 11. gxf3 a6 12. h4 Ne5 13. Be2 e6 14. h5 Bxh6 15. Qxh6 Qf6 16. hxg6 Qg7 17.
gxh7+ Kh8 18. Qxg7+ Kxg7 19. f4 Ng6 20. dxe6 fxe6 21.
f5 exf5 22. Rxd6 fxe4 23. Rxg6+ Kxg6 24. h8=Q Rxh8 25. Rxh8 b5 26. Nxe4 Bb7 27. Rxa8 Bxa8 28. Nxc5 1-0

[Event "Late-Titled-Tuesday-Blitz-October-03-2023"]
[Site "Chess.com"]
[Date "2023.10.03"]
[Round "4"]
[White "Vegan4future"]
[Black "shirovin"]
[Result "1-0"]
[WhiteElo "2411"]
[BlackElo "2073"]
[TimeControl "180+1"]
[EndTime "14:36:04 PDT"]
[Termination "Vegan4future won by resignation"]

1. d4 Nf6 2. Nc3 d5 3. Bf4 c6 4. e3 g6 5. h4 h5 6. Nf3 Bg7 7. Ne5 Nbd7 8. Qd2 O-O 9. O-O-O Nxe5 10. Bxe5 b5 11. f3 b4 12. Ne2 a5 13. Nf4 Bf5 14. Be2 Nd7 15. Bxg7 Kxg7 16. g4 hxg4 17. fxg4 Be4 18.
Rh3 a4 19. Qxb4 Rb8 20. Qc3 Qb6 21. a3 Nf6 22. g5 Nd7 23. h5 c5 24. dxc5+ 1-0

[Event "Late-Titled-Tuesday-Blitz-October-03-2023"]
[Site "Chess.com"]
[Date "2023.10.03"]
[Round "4"]
[White "ThePeasant98"]
[Black "Triumphmate"]
[Result "0-1"]
[WhiteElo "2170"]
[BlackElo "2496"]
[TimeControl "180+1"]
[EndTime "14:36:14 PDT"]
[Termination "Triumphmate won by resignation"]

1. d4 d5 2. c4 e6 3. Nf3 Nf6 4. g3 Be7 5. Bg2 O-O 6. O-O dxc4 7. Qc2 c5 8. dxc5 Nc6 9. Qxc4 e5 10. Nc3 Be6 11. Qb5 Qc7 12. e3 a6 13. Qe2 Bxc5 14. Ng5 Bg4 15. Qc2 h6 16. Nge4 Nxe4 17. Nxe4 Be7 18.
a3 Rac8 19. b4 Qb6 20. Qa2 Be6 21. Qb1 f5 22. Nd2 Rfd8 23. Nb3 e4 24. f3 Rd3 25. fxe4 Rxb3 0-1